NYP
BATAVIA MUCKDOGS @ MILWAUKEE (NYP) BREWERS
07/28/2049
 
TOP OF THE 1ST
Batavia Muckdogs batting - Pitching for Milwaukee (NYP) Brewers : RHP Jayden Whittick
Pitching: RHP Jayden Whittick
Batting: RHB Andy Kelly 0-0: Ball
1-0: Ground out 4-3 (Groundball, 4, EV 107.5 MPH)
Batting: RHB Rick English 0-0: Ball
1-0: Foul Ball, location: 2F
1-1: Swinging Strike
1-2: Ball
2-2: Strikes out swinging
Batting: SHB Justin Corbett 0-0: Foul Ball, location: 2F
0-1: SOLO HOME RUN (Flyball, 89XD, EV 115.0 MPH), Distance : 424 ft
Batting: RHB Justin Dunham 0-0: Swinging Strike
0-1: Ball
1-1: Ball
2-1: Called Strike
2-2: Ball
3-2: Base on Balls
Batting: RHB Tony Ledezma 0-0: Ball
1-0: Foul Ball, location: 2F
1-1: Ball
2-1: Ball
3-1: Called Strike
3-2: Foul Ball, location: 2F
3-2: Base on Balls
Justin Dunham to second
Batting: LHB Danny Treto 0-0: Ball
1-0: Called Strike
1-1: Swinging Strike
1-2: Ball
2-2: Ball
3-2: Foul Ball, location: 2F
3-2: Strikes out looking
Top of the 1st over - 1 run, 1 hit, 0 errors, 2 left on base; Batavia 1 - Milwaukee (NYP) 0
BOTTOM OF THE 1ST
Milwaukee (NYP) Brewers batting - Pitching for Batavia Muckdogs : RHP Ryan Kominski
Pitching: RHP Ryan Kominski
Batting: RHB Chris Maul 0-0: Ground out 5-3 (Groundball, 56, EV 82.5 MPH)
Batting: LHB Dusty Bryant 0-0: Fly out, F3 (Popup, 3L, EV 80.0 MPH)
Batting: RHB Tristan Smeets 0-0: Called Strike
0-1: Called Strike
0-2: Strikes out swinging
Bottom of the 1st over - 0 runs, 0 hits, 0 errors, 0 left on base; Batavia 1 - Milwaukee (NYP) 0
TOP OF THE 2ND
Batavia Muckdogs batting - Pitching for Milwaukee (NYP) Brewers : RHP Jayden Whittick
Batting: RHB George Boivin 0-0: Called Strike
0-1: Ball
1-1: Swinging Strike
1-2: Ball
2-2: Foul Ball, location: 2F
2-2: DOUBLE (Line Drive, 9LM, EV 109.4 MPH)
Batting: RHB Jason Thrash 0-0: Called Strike
0-1: Foul Ball, location: 2F
0-2: Ball
1-2: Foul Ball, location: 2F
1-2: SINGLE (Groundball, 4D, EV 103.8 MPH)
George Boivin to third
Batting: RHB Justin Layton 0-0: Called Strike
0-1: Foul Ball, location: 2F
0-2: Strikes out swinging
Batting: RHB Andy Kelly 0-0: DOUBLE (Groundball, 5L, EV 104.4 MPH)
George Boivin scores
Jason Thrash to third
Batting: RHB Rick English 0-0: Ball
1-0: Fly out, F9 (Flyball, 89M, EV 93.1 MPH)
Batting: SHB Justin Corbett 0-0: Foul Ball, location: 2F
0-1: Ball
1-1: SINGLE (Line Drive, 4D, EV 99.4 MPH)
Jason Thrash scores
Andy Kelly to third
Runner from 3rd tries for Home, SAFE, throw by RF to home
Batting: RHB Justin Dunham 0-0: Ball
Justin Corbett steals 2nd base
1-0: Ball
Wild Pitch!
Justin Corbett to third
2-0: Ball
3-0: Called Strike
3-1: Base on Balls
Batting: RHB Tony Ledezma 0-0: Ball
1-0: Swinging Strike
1-1: Ball
2-1: Called Strike
2-2: Strikes out swinging
Top of the 2nd over - 3 runs, 4 hits, 0 errors, 2 left on base; Batavia 4 - Milwaukee (NYP) 0
BOTTOM OF THE 2ND
Milwaukee (NYP) Brewers batting - Pitching for Batavia Muckdogs : RHP Ryan Kominski
Batting: LHB Mark Backstrom 0-0: Ball
1-0: Ball
2-0: Called Strike
2-1: Foul Ball, location: 2F
2-2: Strikes out swinging
Batting: RHB Alfredo Sena 0-0: Ball
1-0: Foul Ball, location: 2F
1-1: DOUBLE (Line Drive, 5D, EV 96.2 MPH)
Batting: RHB Jonathan Sarles 0-0: Swinging Strike
0-1: Called Strike
0-2: Ball
1-2: Foul Ball, location: 2F
1-2: Strikes out swinging, 2-3 out at first.
Batting: RHB Lorenzo Diaz 0-0: Called Strike
0-1: Called Strike
0-2: Ball
1-2: Strikes out swinging
Bottom of the 2nd over - 0 runs, 1 hit, 0 errors, 1 left on base; Batavia 4 - Milwaukee (NYP) 0
TOP OF THE 3RD
Batavia Muckdogs batting - Pitching for Milwaukee (NYP) Brewers : RHP Jayden Whittick
Batting: LHB Danny Treto 0-0: Ball
1-0: Fly out, F7 (Line Drive, 7LS, EV 104.4 MPH)
Batting: RHB George Boivin 0-0: Ball
1-0: Ball
2-0: Called Strike
2-1: Foul Ball, location: 2F
2-2: Strikes out swinging
Batting: RHB Jason Thrash 0-0: Foul Ball, location: 2F
0-1: Ball
1-1: Called Strike
1-2: Ball
2-2: Ground out 4-3 (Groundball, 4, EV 103.8 MPH)
Top of the 3rd over - 0 runs, 0 hits, 0 errors, 0 left on base; Batavia 4 - Milwaukee (NYP) 0
BOTTOM OF THE 3RD
Milwaukee (NYP) Brewers batting - Pitching for Batavia Muckdogs : RHP Ryan Kominski
Batting: RHB Michael Dickerson 0-0: Ball
1-0: Foul Ball, location: 2F
1-1: Foul Ball, location: 2F
1-2: Ball
2-2: Ball
3-2: Ground out 6-3 (Groundball, 6M, EV 78.8 MPH)
Batting: RHB Justin Marino 0-0: Ball
1-0: Ground out 5-3 (Groundball, 5, EV 87.5 MPH)
Batting: RHB Chris Maul 0-0: Ball
1-0: Called Strike
1-1: Foul Ball, location: 2F
1-2: Fly out, F7 (Flyball, 7, EV 85.6 MPH)
Bottom of the 3rd over - 0 runs, 0 hits, 0 errors, 0 left on base; Batavia 4 - Milwaukee (NYP) 0
TOP OF THE 4TH
Batavia Muckdogs batting - Pitching for Milwaukee (NYP) Brewers : RHP Jayden Whittick
Batting: RHB Justin Layton 0-0: Called Strike
0-1: Ground out 6-3 (Groundball, 56D, EV 105.6 MPH)
Batting: RHB Andy Kelly 0-0: Ball
1-0: Foul Ball, location: 2F
1-1: SINGLE (Groundball, 6MD, EV 101.9 MPH) (infield hit)
Pitching: LHP Paul Schumacher
Batting: RHB Rick English 0-0: Ball
1-0: Called Strike
1-1: Ball
2-1: Ball
3-1: Foul Ball, location: 2F
3-2: SINGLE (Groundball, 6MD, EV 98.8 MPH)
Andy Kelly to second
Andy Kelly to third
Batting: SHB Justin Corbett 0-0: Ball
1-0: Ball
2-0: Ball
3-0: Base on Balls
Rick English to second
Batting: RHB Justin Dunham 0-0: Called Strike
0-1: Grounds into fielders choice 4-2 (Groundball, 6, EV 85.0 MPH)
Rick English to third
Justin Corbett to second
Batting: RHB Tony Ledezma 0-0: Ball
1-0: Foul Ball, location: 2F
1-1: Called Strike
1-2: Strikes out looking
Top of the 4th over - 0 runs, 2 hits, 0 errors, 3 left on base; Batavia 4 - Milwaukee (NYP) 0
BOTTOM OF THE 4TH
Milwaukee (NYP) Brewers batting - Pitching for Batavia Muckdogs : RHP Ryan Kominski
Batting: LHB Dusty Bryant 0-0: Foul Ball, location: 2F
0-1: Ball
1-1: Called Strike
1-2: Ball
2-2: Foul Ball, location: 2F
2-2: Foul Ball, location: 2F
2-2: Foul Ball, location: 2F
2-2: Strikes out swinging
Batting: RHB Tristan Smeets 0-0: Swinging Strike
0-1: Ball
1-1: Ball
2-1: Foul Ball, location: 2F
2-2: Strikes out looking
Batting: LHB Mark Backstrom 0-0: Called Strike
0-1: Ball
1-1: Foul Ball, location: 2F
1-2: Ball
2-2: Strikes out looking
Bottom of the 4th over - 0 runs, 0 hits, 0 errors, 0 left on base; Batavia 4 - Milwaukee (NYP) 0
TOP OF THE 5TH
Batavia Muckdogs batting - Pitching for Milwaukee (NYP) Brewers : LHP Paul Schumacher
Batting: LHB Danny Treto 0-0: Ball
1-0: SINGLE (Line Drive, 4D, EV 101.2 MPH)
Batting: RHB George Boivin 0-0: Foul Ball, location: 2F
0-1: Swinging Strike
0-2: Fly out, F7 (Flyball, 7D, EV 88.8 MPH)
Batting: RHB Jason Thrash 0-0: Foul Ball, location: 2F
0-1: Ball
1-1: Swinging Strike
1-2: Strikes out swinging
Batting: RHB Justin Layton 0-0: Called Strike
Danny Treto is caught stealing 2nd base 2-4
Top of the 5th over - 0 runs, 1 hit, 0 errors, 0 left on base; Batavia 4 - Milwaukee (NYP) 0
BOTTOM OF THE 5TH
Milwaukee (NYP) Brewers batting - Pitching for Batavia Muckdogs : RHP Ryan Kominski
Batting: RHB Alfredo Sena 0-0: Called Strike
0-1: Ball
1-1: Foul Ball, location: 2F
1-2: DOUBLE (Flyball, 8RXD, EV 103.1 MPH)
Batting: RHB Jonathan Sarles 0-0: Ground out 4-3 (Groundball, 4, EV 92.5 MPH)
Alfredo Sena to third
Batting: RHB Lorenzo Diaz 0-0: Called Strike
0-1: Swinging Strike
0-2: Ball
1-2: Ball
2-2: Ball
3-2: Foul Ball, location: 2F
3-2: Strikes out swinging
Batting: RHB Michael Dickerson 0-0: Called Strike
0-1: Ground out 6-3 (Groundball, 6M, EV 111.2 MPH)
Bottom of the 5th over - 0 runs, 1 hit, 0 errors, 1 left on base; Batavia 4 - Milwaukee (NYP) 0
TOP OF THE 6TH
Batavia Muckdogs batting - Pitching for Milwaukee (NYP) Brewers : LHP Paul Schumacher
Batting: RHB Justin Layton 0-0: Hit by Pitch
Pitching: RHP Tom Wendel
Batting: RHB Andy Kelly 0-0: Foul Ball, location: 2F
0-1: Ball
1-1: Ball
2-1: Ball
3-1: Foul Ball, location: 2F
3-2: DOUBLE (Flyball, 89D, EV 103.8 MPH)
Justin Layton to third
Justin Layton scores
Batting: RHB Rick English 0-0: Ball
1-0: Called Strike
1-1: Called Strike
1-2: Ball
2-2: Foul Ball, location: 2F
2-2: Foul Ball, location: 2F
2-2: Ball
3-2: Foul Ball, location: 2F
3-2: Base on Balls
Batting: SHB Justin Corbett 0-0: Called Strike
0-1: Foul Ball, location: 2F
0-2: Ball
1-2: Ball
2-2: Strikes out looking
Batting: RHB Justin Dunham 0-0: Called Strike
0-1: Ball
1-1: Swinging Strike
1-2: Ground out 6-3 (Groundball, 6M, EV 103.8 MPH)
Andy Kelly to third
Rick English to second
Batting: RHB Tony Ledezma 0-0: DOUBLE (Groundball, 3L, EV 103.1 MPH)
Andy Kelly scores
Rick English scores
Batting: LHB Danny Treto 0-0: Ball
1-0: Foul Ball, location: 2F
1-1: Called Strike
1-2: Foul Ball, location: 2F
1-2: Ball
2-2: Foul Ball, location: 2F
2-2: Ball
3-2: SINGLE (Flyball, 3D, EV 95.0 MPH)
Tony Ledezma to third
Batting: RHB George Boivin 0-0: Called Strike
0-1: Ball
1-1: Called Strike
1-2: Strikes out swinging
Top of the 6th over - 3 runs, 3 hits, 0 errors, 2 left on base; Batavia 7 - Milwaukee (NYP) 0
BOTTOM OF THE 6TH
Milwaukee (NYP) Brewers batting - Pitching for Batavia Muckdogs : RHP Ryan Kominski
Batting: RHB Justin Marino 0-0: Ball
1-0: Ball
2-0: Ball
3-0: Called Strike
3-1: Fly out, F8 (Line Drive, 78S, EV 98.1 MPH)
Batting: RHB Chris Maul 0-0: Ball
1-0: Fly out, F7 (Flyball, 7LM, EV 93.1 MPH)
Batting: LHB Dusty Bryant 0-0: Called Strike
0-1: Called Strike
0-2: Foul Ball, location: 2F
0-2: Ball
1-2: Foul Ball, location: 2F
1-2: Strikes out swinging
Bottom of the 6th over - 0 runs, 0 hits, 0 errors, 0 left on base; Batavia 7 - Milwaukee (NYP) 0
TOP OF THE 7TH
Batavia Muckdogs batting - Pitching for Milwaukee (NYP) Brewers : RHP Tom Wendel
Pinch Hitting: RHB Junro Kato 0-0: Called Strike
0-1: Ball
1-1: Ball
2-1: Swinging Strike
2-2: Strikes out swinging passed ball, reaches first!
Batting: RHB Justin Layton 0-0: Ball
1-0: Ball
2-0: Called Strike
2-1: Called Strike
2-2: TRIPLE (Line Drive, 89XD, EV 103.1 MPH)
Junro Kato scores
Pitching: LHP Jon Ortiz
Batting: RHB Andy Kelly 0-0: Ball
1-0: Ball
2-0: Foul Ball, location: 2F
2-1: Ball
3-1: Called Strike
3-2: Base on Balls
Batting: RHB Rick English 0-0: Called Strike
0-1: Foul Ball, location: 2F
0-2: Ball
1-2: 3-RUN HOME RUN (Flyball, 9D, EV 99.4 MPH), Distance : 373 ft
Batting: SHB Justin Corbett 0-0: Fly out, F7 (Flyball, 7LS, EV 78.8 MPH)
Batting: RHB Justin Dunham 0-0: Called Strike
0-1: Ball
1-1: Called Strike
1-2: Ground out 5-3 (Groundball, 5, EV 91.2 MPH)
Batting: RHB Tony Ledezma 0-0: Called Strike
0-1: Foul Ball, location: 2F
0-2: SOLO HOME RUN (Flyball, 7LD, EV 95.6 MPH), Distance : 353 ft
Batting: LHB Danny Treto 0-0: Foul Ball, location: 2F
0-1: Ground out 4-3 (Groundball, 4, EV 86.2 MPH)
Top of the 7th over - 5 runs, 3 hits, 0 errors, 0 left on base; Batavia 12 - Milwaukee (NYP) 0
BOTTOM OF THE 7TH
Milwaukee (NYP) Brewers batting - Pitching for Batavia Muckdogs : RHP Ryan Kominski
Now at 1B: Junro Kato
Batting: RHB Tristan Smeets 0-0: Foul Ball, location: 2F
0-1: Swinging Strike
0-2: Strikes out swinging
Batting: LHB Mark Backstrom 0-0: Ball
1-0: Ball
2-0: Ball
3-0: Base on Balls
DELAY Rain delay of 21 minutes in the 7th inning.
Batting: RHB Alfredo Sena 0-0: Ball
1-0: Fielders Choice at 2nd, 5-4 (Groundball, 56, EV 103.1 MPH)
Batting: RHB Jonathan Sarles 0-0: Ball
1-0: Fly out, F8 (Flyball, 8RM, EV 82.5 MPH)
Bottom of the 7th over - 0 runs, 0 hits, 0 errors, 1 left on base; Batavia 12 - Milwaukee (NYP) 0
TOP OF THE 8TH
Batavia Muckdogs batting - Pitching for Milwaukee (NYP) Brewers : LHP Jon Ortiz
Batting: RHB George Boivin 0-0: Called Strike
0-1: Swinging Strike
0-2: Strikes out looking
Pitching: RHP Allen Gans
Batting: RHB Junro Kato 0-0: Foul Ball, location: 2F
0-1: Ground out 6-3 (Groundball, 6, EV 78.1 MPH)
Batting: RHB Justin Layton 0-0: Called Strike
0-1: Foul Ball, location: 2F
0-2: Ball
1-2: Foul Ball, location: 2F
1-2: Ball
2-2: Foul Ball, location: 2F
2-2: Ball
3-2: Base on Balls
Batting: RHB Andy Kelly 0-0: Ball
1-0: Ball
2-0: SINGLE (Flyball, 78S, EV 88.8 MPH)
Justin Layton to second
Batting: RHB Rick English 0-0: Foul Ball, location: 2F
0-1: Swinging Strike
0-2: Foul Ball, location: 2F
0-2: Strikes out swinging
Top of the 8th over - 0 runs, 1 hit, 0 errors, 2 left on base; Batavia 12 - Milwaukee (NYP) 0
BOTTOM OF THE 8TH
Milwaukee (NYP) Brewers batting - Pitching for Batavia Muckdogs : RHP Ryan Kominski
Batting: RHB Lorenzo Diaz 0-0: Foul Ball, location: 2F
0-1: Ball
1-1: Ball
2-1: Called Strike
2-2: Foul Ball, location: 2F
2-2: SINGLE (Line Drive, 6D, EV 93.8 MPH)
Pitching: RHP Brian Heimerman
Batting: RHB Michael Dickerson 0-0: Foul Ball, location: 2F
0-1: Ball
1-1: Ball
2-1: Foul Ball, location: 2F
2-2: Grounds into double play, 5-4-3 (Groundball, 56, EV 77.5 MPH)
Batting: RHB Justin Marino 0-0: Called Strike
0-1: Foul Ball, location: 2F
0-2: Strikes out looking
Bottom of the 8th over - 0 runs, 1 hit, 0 errors, 0 left on base; Batavia 12 - Milwaukee (NYP) 0
TOP OF THE 9TH
Batavia Muckdogs batting - Pitching for Milwaukee (NYP) Brewers : RHP Allen Gans
Batting: SHB Justin Corbett 0-0: Called Strike
0-1: Swinging Strike
0-2: Strikes out swinging
Batting: RHB Justin Dunham 0-0: Foul Ball, location: 2F
0-1: Ground out 4-3 (Groundball, 6M, EV 106.2 MPH)
Pinch Hitting: RHB Jim Fisher 0-0: Called Strike
0-1: Ball
1-1: Swinging Strike
1-2: Strikes out swinging
Top of the 9th over - 0 runs, 0 hits, 0 errors, 0 left on base; Batavia 12 - Milwaukee (NYP) 0
BOTTOM OF THE 9TH
Milwaukee (NYP) Brewers batting - Pitching for Batavia Muckdogs : RHP Brian Heimerman
Now at C: Jim Fisher
Batting: RHB Chris Maul 0-0: Foul Ball, location: 2F
0-1: Fly out, F7 (Flyball, 7S, EV 95.0 MPH)
Batting: LHB Dusty Bryant 0-0: Called Strike
0-1: Ball
1-1: Called Strike
1-2: Ball
2-2: Foul Ball, location: 2F
2-2: Strikes out looking
Batting: RHB Tristan Smeets 0-0: Ball
1-0: Ball
2-0: Ball
3-0: Foul Ball, location: 2F
3-1: Base on Balls
Batting: LHB Mark Backstrom 0-0: Ball
1-0: Swinging Strike
1-1: Swinging Strike
1-2: Strikes out swinging
Bottom of the 9th over - 0 runs, 0 hits, 0 errors, 1 left on base; Batavia 12 - Milwaukee (NYP) 0
Sunday, July 16th , 2023 - OOTP Baseball 24.6 Build 69